 Dungeon Crawl Stone Soup version 0.28.0-53-g5a82cb258f (webtiles) character file.

Game seed: 13832133547834018967

3 Zeld the Conjurer (level 1, 0/14 HPs)
             Began as a Draconian Conjurer on June 6, 2022.
             Succumbed to a goblin's poison
             ... on level 1 of the Dungeon.
             The game lasted 00:00:35 (208 turns).

Zeld the Conjurer (Draconian Conjurer)               Turns: 208, Time: 00:00:36

Health: 0/14       AC:  4    Str:  9    XL:     1   Next: 41%
Magic:  0/3        EV: 12    Int: 18    God:
Gold:   10         SH:  0    Dex:  9    Spells: 3/4 levels left

rFire   . . .      SeeInvis .   (no weapon)
rCold   . . .      Faith    .   (no shield)
rNeg    . . .      Spirit   .   (armour unavailable)
rPois   .          Reflect  .   (helmet restricted)
rElec   .          Harm     .   (no cloak)
rCorr   .          Rampage  .   (no gloves)
Will    .....                   (no boots)
Stlth   ++........              (no amulet)
HPRegen 0.04/turn               (no ring)
MPRegen 0.08/turn               (no ring)

@: lethally poisoned (0 -> -5)
A: AC +4, unfitting armour, cold-blooded
a: no special abilities


You were on level 1 of the Dungeon.
You visited 1 branch of the dungeon, and saw 1 of its levels.

You collected 10 gold pieces.

You aren't carrying anything.


   Skills:
 + Level 0.1 Fighting
 - Level 1.7 Dodging
 - Level 1.7 Stealth
 + Level 2.0 Spellcasting
 + Level 4.0 Conjurations
 * Level 0.2 Hexes
 * Level 0.3 Translocations


You had 3 spell levels left.
You knew the following spells:

 Your Spells              Type           Power      Damage    Failure   Level
a - Magic Dart            Conj           64%        1d6       3%          1

Your spell library contained the following spells:

 Spells                   Type           Power      Damage    Failure   Level
 Searing Ray              Conj           32%        2d5       5%          2
 Dazzling Flash           Conj/Hex       18%        N/A       22%         3
 Fulminant Prism          Conj/Hex       4%         3d6       58%         4
 Iskenderun's Mystic Bla  Conj/Tloc      9%         2d4       58%         4


Dungeon Overview and Level Annotations

Branches:
Dungeon (1/15)

Altars:


Innate Abilities, Weirdness & Mutations

Your plain brown scales are hard. (AC +4)
You cannot fit into any form of body armour.
You are cold-blooded and may be slowed by cold attacks.


Message History

There is an open door here.
You open the door.
There is an open door here.
A goblin comes into view. It is wielding a +1 dagger of venom.
The goblin shouts!
You hear a shout!
A goblin comes into view. It is wielding a +0 club.
There are monsters nearby!
The magic dart hits the goblin.
The goblin is moderately wounded.
The goblin hits you with a +1 dagger of venom.
You are poisoned.
You barely miss the goblin.
The goblin is moderately wounded.
You feel sick. The goblin hits you but does no damage.
You are lethally poisoned!
A hobgoblin comes into view.
You barely miss the goblin.
The goblin is moderately wounded.
You feel very sick.
The hobgoblin shouts!
The goblin barely misses you.
The magic dart hits the goblin.
You kill the goblin!
You feel sick.
You are too injured to fight recklessly!
You aren't carrying any potions.
Unknown command.
* * * LOW HITPOINT WARNING * * *
You feel sick.
* * * LOW HITPOINT WARNING * * *
You feel sick.
* * * LOW HITPOINT WARNING * * *
You feel sick.
You are too injured to fight recklessly!
Aiming: Magic Dart (safe; 3% risk of failure)
Press: ? - help, Q - select action Shift-Dir - straight line, f - goblin
Aim: a goblin, wielding a +0 club (100% to hit)
The magic dart hits the goblin.
The goblin is heavily wounded.
You die...

#........#
#_##...###.# .#
#......# #.# .#
#####..###.# ..
#......# .#
##'###### .# #
##...## .#.##.#
##.....## ##......#
#.......## ##@##.#
#.........####...#.#
+.........'....g...#
#.........####.g.#.#
##.......##
##..)....# ##.....##
##.#.##.# ##...##
#.#.# # ##+# #.. #
#...


You could see a hobgoblin and a goblin.

Vanquished Creatures
  2 bats (D:1)
  A goblin (D:1)
3 creatures vanquished.

Notes
Turn   | Place    | Note
-------+----------+-------------------------------------------
     0 | D:1      | Zeld the Draconian Conjurer began the quest for the Orb.
     0 | D:1      | Reached XP level 1. HP: 14/14 MP: 3/3
   181 | D:1      | Found a faded altar of an unknown god.
   208 | D:1      | Succumbed to a goblin's poison

Illustrated notes

Levels and vault maps discovered:
D:1:      lightli_arrival_statue_moat, layout_loops_corners,
          basic_ecumenical_altar, serial_shops, shop

Action                   || total
-------------------------++-------
Melee: Unarmed           ||     3
 Cast: Magic Dart        ||     5
Armor: Skin              ||     2
Dodge: Dodged            ||     3
